 Dungeon Crawl Stone Soup version 0.30-a0-989-g0d87f670db (webtiles) character file.

Game seed: 15229559283139948488

25553 BlueFish the Covert (level 13, -1/88 HPs)
             Began as an Octopode Fighter on Apr 3, 2023.
             Engulfed by an ice statue's freezing vapour (7 damage)
             ... in an ice cave.
             The game lasted 00:38:18 (16537 turns).

BlueFish the Covert (Octopode Fighter)             Turns: 16537, Time: 00:38:19

Health: -1/88      AC:  5    Str: 27    XL:     13   Next: 20%
Magic:  18/23      EV: 37    Int:  8    God:
Gold:   637        SH:  0    Dex: 17    Spells: 20/25 levels left

rFire   + . .      SeeInvis +      - Unarmed
rCold   . . .      Faith    .    (shield currently unavailable)
rNeg    . . .      Spirit   .    (helmet restricted)
rPois   .          Reflect  .    h - amulet of the acrobat
rElec   .          Rampage  .    l - +5 ring of evasion
rCorr   +          Rage     3%   (no ring)
Will    +....                    E - +6 ring of dexterity
Stlth   +++++++                  A - ring of resist corrosion
HPRegen 0.34/turn                g - ring of willpower
MPRegen 0.18/turn                z - ring of protection from fire
                                 R - +6 ring of strength
                                 C - ring of Xom's Amusement {Fly AC+4 Slay+3 SInv}

@: blade tentacles, acrobatic, flying, unable to read
A: almost no armour, amphibious, 8 rings, camouflage 1, gelatinous body 1,
(nimble swimmer 1), tentacles, berserk 1, dopey 1, inability to read after
injury 1
a: End Transformation


You were in an ice cave.
You had blades for main tentacles.
You visited 3 branches of the dungeon, and saw 16 of its levels.
You also visited: Ice Cave.

You collected 637 gold pieces.

Inventory:

Missiles
 i - 6 boomerangs
 j - 167 stones (quivered)
 x - 4 throwing nets
 y - 2 atropa-tipped darts
 B - 18 poisoned darts
 N - 2 curare-tipped darts
Armour
 a - a +1 buckler
 H - a +0 kite shield
Jewellery
 f - the ring "Qeawanon" {rElec rF+ rC- EV+5 Dex+3}
   (You found it on level 4 of the Dungeon)

   [ring of evasion]

   EV:        It affects your evasion (+5).
   Dex:       It affects your dexterity (+3).
   rF:        It protects you from fire.
   rC:        It makes you vulnerable to cold.
   rElec:     It insulates you from electricity.
 g - a ring of willpower (on tentacle)
 h - an amulet of the acrobat (around mantle)
 l - a +5 ring of evasion (left blade tentacle)
 m - an amulet of faith
 z - a ring of protection from fire (on tentacle)
 A - a ring of resist corrosion (on tentacle)
 C - the ring of Xom's Amusement (on tentacle) {Fly AC+4 Slay+3 SInv}
   (You acquired it on level 2 of the Lair of Beasts)

   [ring of protection]

   AC:        It affects your AC (+4).
   Slay:      It affects your accuracy & damage with ranged weapons and melee
   (+3).
   SInv:      It lets you see invisible.
   Fly:       It grants you flight.
 E - a +6 ring of dexterity (on tentacle)
 R - a +6 ring of strength (on tentacle)
Wands
 s - a wand of acid (6)
 K - a wand of flame (11)
 Q - a wand of paralysis (3)
Scrolls
 d - 2 scrolls of fear
 k - 4 scrolls of fog
 o - 2 scrolls of immolation
 p - a scroll of poison {unknown}
 u - 7 scrolls of teleportation
 v - 5 scrolls of amnesia
 w - 2 scrolls of enchant weapon
 G - 4 scrolls of enchant armour
 M - a scroll of vulnerability
 O - 2 scrolls of brand weapon {unknown}
Potions
 b - 2 potions of might
 c - 6 potions of curing
 e - a potion of cancellation
 q - 3 potions of lignification
 r - 3 potions of flight
 t - 4 potions of resistance
 D - a potion of berserk rage
 F - 2 potions of brilliance
 I - a potion of haste
 L - a potion of attraction
 S - 2 potions of mutation {unknown}
 T - a potion of magic {unknown}
Miscellaneous
 J - a box of beasts


   Skills:
 + Level 8.1 Fighting
 + Level 8.0 Dodging
 * Level 14.9 Stealth
 + Level 8.1 Shields
 + Level 7.7 Unarmed Combat
 + Level 6.8 Spellcasting
 * Level 10.1 Transmutations


You had 20 spell levels left.
You knew the following spells:

 Your Spells              Type           Power      Damage    Failure   Level
a - Blade Hands           Tmut           9%         N/A       45%         5

Your spell library contained the following spells:

 Spells                   Type           Power      Damage    Failure   Level
 Static Discharge         Conj/Air       4%         2-3/arc   75%         2
 Portal Projectile        Hex/Tloc       4%         N/A       89%         3
 Tukima's Dance           Hex            2%         N/A       89%         3
 Vhi's Electric Charge    Tloc/Air       4%         N/A       89%         3
 Passage of Golubria      Tloc           2%         N/A       99%         4
 Arcjolt                  Conj/Air       1%         1d11      100%        5
 Plasma Beam              Fire/Air       1%         2x1d8     100%        5
 Silence                  Hex/Air        1%         N/A       100%        5
 Lehudib's Crystal Spear  Conj/Erth      1%         10d2      100%        8


Dungeon Overview and Level Annotations

Branches:
Dungeon (12/15)            Temple (1/1) D:6            Lair (3/5) D:11
  Swamp (0/4) Lair:2        Snake (0/4) Lair:3          Orc (0/2) D:11
  IceCv (1/1)

Altars:
Ashenzari
Cheibriados
Dithmenos
Elyvilon
Fedhas
Gozag
Hepliaklqana
Kikubaaqudgha
Makhleb
Nemelex Xobeh
Okawaru
Qazlal
Ru
Sif Muna
Trog
Uskayaw
Vehumet
Wu Jian
Xom
Yredelemnul
Zin
The Shining One

Shops:
D:7 *

Annotations:
D:8 3 runed translucent doors, SpyderV's ghost, novice MiFi
D:9 exclusion: two-headed ogre
D:10 exclusion: two-headed ogre
D:11 3 runed translucent doors, Lysca's ghost, journeyman DsCj; Nafer's ghost, journeyman MiFi; Newt's ghost, novice DsGl; cforsyth's ghost, journeyman FoFi; dolemite99's ghost, journeyman DsRe
Lair:1 1 runed translucent door, elongatedgoose's ghost, novice SpEE
Lair:3 Rupert IceCv exclusion: 2 ice statues


Innate Abilities, Weirdness & Mutations

You have blades for main tentacles.
Your spellcasting is less reliable in this form.
You are incapable of wielding weapons or throwing items.
You cannot wear most types of armour.
You are amphibious.
You can wear up to eight rings at the same time.
Your skin changes colour to match your surroundings (Stealth+).
Your rubbery body absorbs attacks. (AC +1, EV +1)
((You are camouflaged when in or above water. (Stealth+)))
You have tentacles for arms and can constrict up to eight enemies at once.
You sometimes lose your temper in combat.
You are dopey. (Int -2)
You occasionally lose the ability to read scrolls when taking damage.


Message History

* * * LOW HITPOINT WARNING * * *
You slice the rime drake!!
The rime drake is severely wounded.
Your main tentacles revert to their normal proportions.
The rime drake barely misses you.
You bludgeon the rime drake!
You kill the rime drake!
The ice encasing you melts away.
You recover from your berserk rage.
You can read scrolls again.
HP restored.
You see here a rime drake corpse. 2 ice statues come into view.
Marking area around 2 ice statues as unsafe for travelling.
Casting: Blade Hands (dangerous; 10% risk of failure)
Confirm with . or Enter, or press ? or * to list all spells.
Your main tentacles turn into razor-sharp scythe blades.
Really fly into a travel-excluded area?
The ice statue gestures at you.
You slash the ice statue! You squeeze the ice statue!
The ice statue is moderately damaged.
You are engulfed in freezing vapours.
The ice statue gestures.
You slice the ice statue!!
The ice statue is severely damaged.
You are engulfed in freezing vapours.
The ice statue gestures.
You slash the ice statue!
The ice statue is almost destroyed.
You are engulfed in freezing vapours.
* * * LOW HITPOINT WARNING * * *
The ice statue gestures.
You slash the ice statue!
The ice statue is almost destroyed.
You are engulfed in freezing vapours.
You feel threatened and lose the ability to read scrolls!
* * * LOW HITPOINT WARNING * * *
The ice beast misses you.
You are engulfed in freezing vapours.
You die...

###........##
##...........##
..............##
...............#
...............#
..............#
.........Y..Y#
#.......°Y.#
##8#..†@#8##
##..#### #..##
##..## ##..#
##...# ##...##
#...## #...##


You could see 3 ice beasts.

Vanquished Creatures
  Kirke (Lair:3)
  3 boulder beetles
  8 death yaks
  A two-headed ogre (D:10)
  3 skysharks
  2 gargoyles (D:7)
  2 black mambas
  An unseen horror (D:7)
  3 cane toads
  2 kobold demonologists
  2 rime drakes
  2 komodo dragons
  Psyche (D:8)
  2 ice devils (Lair:3)
  A troll (D:11)
  A hornet (Lair:2)
  2 slime creatures (D:7)
  3 yaks (D:11)
  3 shadows
  5 hogs (Lair:3)
  A basilisk (Lair:1)
  Grum (Lair:1)
  A steam dragon (Lair:1)
  7 vampire mosquitoes (Lair:2)
  2 nagas (Lair:3)
  An acid dragon (D:11)
  2 sky beasts (D:7)
  7 water moccasins
  5 orc warriors
  3 black bears
  An ice beast (D:5)
  8 wolves (Lair:1)
  4 ogres
  7 centaurs
  4 kobold brigands
  7 bullfrogs
  5 gnoll sergeants
  5 scorpions
  10 wights
  A lindwurm simulacrum (IceCv)
  12 killer bees
  An electric eel (Lair:2)
  7 howler monkeys
  3 komodo dragon simulacra (IceCv)
  2 orc priests (D:7)
  3 gnoll boudas
  3 hounds
  Crazy Yiuf (D:2)
  A jelly (D:5)
  Jessica (D:3)
  8 iguanas
  Natasha (thrice) (D:3)
  14 orc wizards
  22 gnolls
  An acid dragon simulacrum (IceCv)
  4 adders
  2 shadow imps
  7 white imps
  4 ufetubi
  A steam dragon simulacrum (IceCv)
  3 worms (D:2)
  A dart slug (D:1)
  37 orcs
  6 endoplasms
  5 giant cockroaches
  6 goblins
  7 hobgoblins
  14 kobolds
  5 quokkas
  3 ball pythons (D:1)
  8 bats
  2 frilled lizards
  3 rats
330 creatures vanquished.

Vanquished Creatures (others)
  2 humans
  2 bushes
  15 fungi
  40 plants
  8 withered plants (Lair:1)
67 creatures vanquished.

Grand Total: 397 creatures vanquished

Notes
Turn   | Place    | Note
-------+----------+-------------------------------------------
     0 | D:1      | BlueFish the Octopode Fighter began the quest for the Orb.
     0 | D:1      | Reached XP level 1. HP: 16/16 MP: 1/1
    73 | D:1      | Reached skill level 1 in Stealth
   129 | D:1      | Reached XP level 2. HP: 21/21 MP: 2/2
   207 | D:1      | Reached skill level 2 in Stealth
   344 | D:1      | Reached XP level 3. HP: 25/26 MP: 4/4
   649 | D:2      | Reached skill level 1 in Spellcasting
   728 | D:2      | Reached XP level 4. HP: 19/31 MP: 5/5
   808 | D:2      | Found a faded altar of an unknown god.
   828 | D:2      | Reached skill level 3 in Stealth
   945 | D:2      | Found a runed translucent door.
   946 | D:2      | Noticed Crazy Yiuf
   957 | D:2      | Killed Crazy Yiuf
  1526 | D:3      | Reached XP level 5. HP: 34/36 MP: 6/6
  1604 | D:3      | Identified the +0 scale mail "Porpha Wyneuk" {Fly Str+5
                  | Int-3 Dex+3}
  1606 | D:3      | Noticed Natasha
  1615 | D:3      | Found a glowing silver altar of Zin.
  1618 | D:3      | Killed Natasha
  1621 | D:3      | Found a broken altar of Ashenzari.
  1630 | D:3      | Found a hazy altar of Hepliaklqana.
  1651 | D:3      | Noticed Natasha
  1657 | D:3      | Killed Natasha
  1658 | D:3      | Reached skill level 4 in Stealth
  1801 | D:3      | Noticed Natasha
  1806 | D:3      | Killed Natasha
  1873 | D:3      | Noticed Jessica
  1877 | D:3      | Killed Jessica
  2140 | D:4      | Reached XP level 6. HP: 43/43 MP: 8/8
  2164 | D:4      | Identified the ring "Qeawanon" {rElec rF+ rC- EV+5 Dex+3}
  2457 | D:4      | Learned a level 5 spell: Blade Hands
  2537 | D:4      | Reached skill level 5 in Stealth
  2549 | D:4      | Reached skill level 1 in Transmutations
  2672 | D:4      | Reached XP level 7. HP: 16/47 MP: 10/10
  2961 | D:5      | Entered Level 5 of the Dungeon
  3623 | D:5      | Reached skill level 6 in Stealth
  3931 | D:6      | Reached XP level 8. HP: 34/54 MP: 11/11
  4557 | D:6      | Found a staircase to the Ecumenical Temple.
  4564 | Temple   | Entered the Ecumenical Temple
  4858 | D:7      | Found Yneacus's Assorted Antiques.
  5021 | D:7      | Reached skill level 7 in Stealth
  5117 | D:7      | Noticed a boulder beetle
  5119 | D:7      | Noticed a boulder beetle
  5119 | D:7      | Noticed a gargoyle
  5139 | D:7      | Noticed a shadow
  5139 | D:7      | Noticed a slime creature
  5487 | D:7      | Reached XP level 9. HP: 50/59 MP: 13/13
  5740 | D:8      | Noticed Psyche
  5768 | D:7      | Reached skill level 8 in Stealth
  5768 | D:7      | Reached skill level 5 in Shields
  5933 | D:7      | Reached skill level 5 in Fighting
  5933 | D:7      | Reached skill level 5 in Dodging
  6072 | D:8      | Killed Psyche
  6338 | D:8      | Reached skill level 5 in Transmutations
  6440 | D:8      | Reached skill level 9 in Stealth
  6797 | D:8      | Found a runed translucent gate.
  6798 | D:8      | Found a runed translucent gate.
  6799 | D:8      | Found a runed translucent gate.
  7117 | D:8      | Noticed SpyderV's ghost (novice MiFi)
  7194 | D:9      | Noticed a two-headed ogre
  7603 | D:10     | Entered Level 10 of the Dungeon
  7857 | D:10     | Noticed a two-headed ogre
  7977 | D:10     | Reached XP level 10. HP: 65/66 MP: 16/16
  7982 | D:9      | Noticed a kobold demonologist
  7990 | D:10     | Reached skill level 5 in Unarmed Combat
  8051 | D:10     | Killed a kobold demonologist
  8087 | D:10     | Reached skill level 10 in Stealth
  8952 | D:10     | Killed a two-headed ogre
  9048 | D:9      | Noticed a kobold demonologist
  9057 | D:9      | Killed a kobold demonologist
  9860 | D:11     | Reached skill level 11 in Stealth
 10207 | D:11     | Found a staircase to the Lair.
 10276 | D:11     | Reached XP level 11. HP: 64/72 MP: 18/18
 10339 | D:11     | Reached skill level 5 in Spellcasting
 10536 | D:11     | Found a runed translucent gate.
 10537 | D:11     | Found a runed translucent gate.
 10537 | D:11     | Found a runed translucent gate.
 10538 | D:11     | Noticed Newt's ghost (novice DsGl)
 10538 | D:11     | Noticed Nafer's ghost (journeyman MiFi)
 10540 | D:11     | Noticed Lysca's ghost (journeyman DsCj)
 10540 | D:11     | Noticed dolemite99's ghost (journeyman DsRe)
 10540 | D:11     | Noticed cforsyth's ghost (journeyman FoFi)
 10666 | D:11     | Found a staircase to the Orcish Mines.
 10893 | D:11     | Gained mutation: You have hidden genetic defects.
                  | [mutagenic glow]
 11049 | D:11     | Identified the +1 leather armour "Monk" {Contam rElec MP+9
                  | Int+6}
 11111 | D:12     | Noticed a cyclops
 11130 | Lair:1   | Entered Level 1 of the Lair of Beasts
 11241 | D:7      | Killed a boulder beetle
 11242 | D:7      | Reached skill level 12 in Stealth
 11707 | D:7      | Gained mutation: You have terrible hidden genetic defects.
                  | [hidden defects]
 11835 | D:7      | Found an ancient bone altar of Kikubaaqudgha.
 11919 | D:7      | Killed a boulder beetle
 12394 | Lair:1   | Noticed a death yak
 12417 | Lair:1   | Noticed Grum
 12427 | Lair:1   | Killed Grum
 12444 | Lair:1   | Gained mutation: You are dopey. (Int -2) [hidden defects]
 12444 | Lair:1   | Lost mutation: You have terrible hidden genetic defects.
                  | [hidden defects expressed]
 12639 | Lair:1   | Found a runed translucent door.
 12660 | Lair:1   | Noticed elongatedgoose's ghost (novice SpEE)
 13369 | Lair:1   | Noticed a death yak
 13369 | Lair:1   | Noticed a death yak
 13373 | Lair:1   | Noticed a death yak
 13472 | Lair:1   | Reached skill level 13 in Stealth
 13472 | Lair:1   | Reached XP level 12. HP: 81/81 MP: 14/20
 13538 | Lair:1   | Killed a death yak
 13552 | Lair:1   | Gained mutation: You sometimes lose your temper in combat.
                  | [hidden defects]
 13615 | D:11     | Killed a death yak
 13727 | D:11     | Killed a death yak
 14226 | Lair:2   | Noticed a skyshark
 14235 | Lair:2   | Killed a skyshark
 14240 | Lair:2   | Gained mutation: You occasionally lose the ability to read
                  | scrolls when taking damage. [hidden defects]
 14240 | Lair:2   | Lost mutation: You have hidden genetic defects. [hidden
                  | defects expressed]
 14570 | Lair:2   | Noticed a death yak
 14571 | Lair:2   | Noticed a death yak
 14571 | Lair:2   | Noticed a death yak
 14571 | Lair:2   | Noticed a death yak
 14571 | Lair:2   | Noticed a death yak
 14589 | Lair:1   | Killed a death yak
 14651 | Lair:2   | Noticed a skyshark
 14661 | Lair:2   | Killed a skyshark
 14771 | Lair:2   | Found a staircase to the Swamp.
 14896 | Lair:2   | Noticed a boulder beetle
 14914 | Lair:2   | Killed a boulder beetle
 14915 | Lair:2   | Reached skill level 14 in Stealth
 15137 | Lair:2   | Identified 2 scrolls of acquirement
 15137 | Lair:2   | Acquired a +6 ring of strength
 15182 | Lair:1   | Killed a death yak
 15260 | Lair:1   | Killed a death yak
 15336 | Lair:1   | Killed a death yak
 15410 | Lair:2   | Killed a death yak
 15621 | Lair:2   | Acquired the ring of Xom's Amusement {Fly AC+4 Slay+3 SInv}
 15762 | Lair:3   | Found a staircase to the Snake Pit.
 15933 | Lair:3   | Noticed a skyshark
 15942 | Lair:3   | Killed a skyshark
 15943 | Lair:3   | Reached XP level 13. HP: 87/88 MP: 17/22
 15990 | Lair:3   | Noticed Rupert
 16001 | Lair:3   | Noticed Kirke
 16036 | Lair:3   | Killed Kirke
 16037 | Lair:3   | Reached skill level 10 in Transmutations
 16286 | Lair:3   | Found a frozen archway.
 16304 | IceCv    | Entered an ice cave
 16331 | IceCv    | HP: 4/88 [rime drake/icy flash freeze (17)]
 16537 | IceCv    | Engulfed by an ice statue's freezing vapour

Illustrated notes

Levels and vault maps discovered:
D:1:      scummos_arrival_checkerplants, layout_basic
D:2:      layout_rooms, basic_ecumenical_altar, uniq_crazy_yiuf_cottage
D:3:      layout_basic, minitemple, uniq_jessica, uniq_natasha
D:4:      layout_gridville
D:5:      layout_loops_ring, minmay_misc_feat_encased
D:6:      layout_loops_ring, minmay_temple_entry_fiery, kennysheep_nub
D:7:      nzn_winding_woodlands_large [nzn_winding_woodlands_5x5_perimeter,
          nzn_winding_woodlands_5x15_zeroes,
          nzn_winding_woodlands_5x5_closed_star,
          nzn_winding_woodlands_center_lodge,
          nzn_winding_woodlands_15x15_thick_spiral,
          nzn_winding_woodlands_center_pierced_h,
          nzn_winding_woodlands_hourglass, nzn_winding_woodlands_5x15_pockets,
          nzn_winding_woodlands_5x5_cross], layout_rooms, tgw_kikubaaqudgha,
          serial_shops, shop, grunt_ministairs_9
D:8:      layout_loops_ring, gammafunk_ghost_necromancy, minmay_misc_feat_rows,
          uniq_psyche
D:9:      layout_big_octagon
D:10:     layout_cave_pods
D:11:     layout_roguey, grunt_lair_entry_orc_guard_hut,
          kennysheep_orc_monster_closet_entryway, gammafunk_ghost_cemetery
D:12:     layout_cave_pools, serial_shops,
          nicolae_shop_competitors_out_of_business
Temple:   eino_narrow_crystal_temple
Lair:1:   layout_chaotic_city, gammafunk_ghost_grave,
          pdpol_lair_neglected_garden, grunt_megastairs_5, uniq_grum
Lair:2:   layout_chaotic_city, minmay_swamp_entry_swarm,
          infiniplex_staircase_pool_2
Lair:3:   layout_hall_layers, guppyfry_snake_entry_island,
          portal_ice_cave_demonic_guard, nicolae_lair_grazing_beasts
          [nicolae_sub_lair_graze_edge, nicolae_sub_lair_graze_edge,
          nicolae_sub_lair_graze_edge, nicolae_sub_lair_graze_edge],
          uniq_rupert, uniq_kirke
IceCv:    ice_cave_small_dragons

Skill      XL: |  1  2  3  4  5  6  7  8  9 10 11 12 13 |
---------------+----------------------------------------+-----
Stealth        | 1 2 3 4 5 6 7 9 11 13 14 | 14.9
Spellcasting   | 1 2 3 4 5 6 |  6.8
Unarmed Combat | 3 4 5 6 7 |  7.7
Transmutations | 1 2 4 5 7 8 9 10 | 10.1
Fighting       | 4 5 6 7 8 |  8.1
Shields        | 4 5 6 7 8 |  8.1
Dodging        | 4 5 6 7 8 |  8.0

Action                     |  1- 3 |  4- 6 |  7- 9 | 10-12 | 13-15 || total
---------------------------+-------+-------+-------+-------+-------++-------
  Melee: Unarmed           |    73 |   100 |   309 |   456 |    35 ||   973
         Constrict         |    19 |    24 |    59 |    85 |     8 ||   195
         Tentacles         |    13 |    30 |   101 |   139 |     8 ||   291
         Punch             |     2 |     4 |    20 |    24 |     1 ||    51
  Throw: Stone             |       |       |       |     2 |       ||     2
   Cast: Blade Hands       |       |       |       |    51 |     6 ||    57
  Evoke: Wand              |       |       |     2 |     6 |       ||     8
         Box of beasts     |       |       |       |     1 |       ||     1
    Use: Scroll            |       |     5 |     5 |    15 |     1 ||    26
         Potion            |       |       |     6 |     1 |     1 ||     8
   Stab: Sleeping          |     6 |    14 |    13 |     7 |     2 ||    42
         Distracted        |       |       |     1 |     2 |       ||     3
 Armour: Skin              |     4 |     4 |     6 |    12 |       ||    26
  Dodge: Dodged            |    30 |    51 |   204 |   468 |    23 ||   776
  Block: Buckler           |     8 |    11 |    67 |    83 |       ||   169

Table legend: (Time is in decaauts)
 A = Elapsed time spent in this place.
 B = Non-inter-level travel time spent in this place.
 C = Inter-level travel time spent in this place.
 D = Time resting spent in this place.
 E = Time spent auto-exploring this place.
 F = Levels seen in this place.
 G = Mean time per level.
                   A        B        C        D        E       F      G
               +--------+--------+--------+--------+--------+-----+--------+
         Total |  16524 |  15550 |    974 |    770 |  10402 |  17 |  972.0 |
       Dungeon |  12366 |  11504 |    862 |    630 |   7531 |  12 | 1030.5 |
        Temple |    186 |    172 |     14 |      0 |    162 |   1 |  186.0 |
          Lair |   3728 |   3630 |     98 |    140 |   2503 |   3 | 1242.7 |
      Ice Cave |    242 |    242 |      0 |      0 |    206 |   1 |  242.0 |
               +--------+--------+--------+--------+--------+-----+--------+

Top non-repeatable levels by time:
     D:7: 2244 daAuts
    D:11: 1684 daAuts
  Lair:1: 1578 daAuts
  Lair:2: 1487 daAuts
     D:8: 1335 daAuts
    D:10: 1235 daAuts
     D:9: 1160 daAuts
     D:5: 946 daAuts
     D:4: 847 daAuts
     D:6: 788 daAuts
     D:2: 770 daAuts
     D:3: 744 daAuts
  Lair:3: 663 daAuts
     D:1: 608 daAuts
   IceCv: 242 daAuts
